 Dungeon Crawl Stone Soup version 0.30-a0-728-gc68057be0a (webtiles) character file.

Game seed: 18374387889775161554

970 bpung the Trooper (level 8, -1/51 HPs)
             Began as a Gargoyle Fighter on Jan 31, 2023.
             Slain by an ogre
             ... wielding a +0 giant club
              (13 damage)
             ... on level 5 of the Dungeon.
             The game lasted 00:10:52 (3326 turns).

bpung the Trooper (Gargoyle Fighter)                Turns: 3326, Time: 00:10:52

Health: -1/51      AC: 25    Str: 21 (23) XL:     8   Next: 16%
Magic:  8/8        EV:  7    Int:  7 (8)  God:
Gold:   249        SH:  4    Dex:  6 (9)  Spells: 7/7 levels left

rFire   + . .      SeeInvis .    a - +2 mace (protect)
rCold   . . .      Faith    +    c - +0 buckler
rNeg    + + .      Spirit   .    l - +1 chain mail
rPois   ∞          Reflect  .    (no helmet)
rElec   +          Harm     .    (no cloak)
rCorr   .          Rampage  .    (no gloves)
Will    .....                    w - +0 pair of boots Stlth
                                 f - amulet of faith
HPRegen 0.28/turn                j - ring of positive energy
MPRegen 0.11/turn                r - ring of protection from fire

@: under a protective aura
A: sickness immunity, AC +5, negative energy resistance 1, electricity
resistance, torment resistance 1, petrification resistance, MP-powered wands
a: no special abilities


You were on level 5 of the Dungeon.
You visited 1 branch of the dungeon, and saw 5 of its levels.

You collected 249 gold pieces.

Inventory:

Hand Weapons
 a - a +2 mace of protection (weapon)
Missiles
 k - 78 stones (quivered)
Armour
 c - a +0 buckler (worn)
 l - a +1 chain mail (worn)
 w - a +0 pair of boots (worn)
Jewellery
 f - an amulet of faith (around neck)
 j - a ring of positive energy (left hand)
 r - a ring of protection from fire (right hand)
Wands
 b - a wand of flame (20)
Scrolls
 d - a scroll of blinking
 e - 5 scrolls of identify
 g - a scroll of poison
 h - a scroll of enchant armour
 i - 3 scrolls of teleportation
 o - a scroll of amnesia {unknown}
 q - a scroll of torment {unknown}
 t - a scroll of silence {unknown}
 u - a scroll of vulnerability {unknown}
Potions
 v - 2 potions of resistance


   Skills:
 + Level 6.0 Fighting
 + Level 4.9 Maces & Flails
 + Level 5.9 Armour
 + Level 6.0 Shields


You had 7 spell levels left.
You didn't know any spells.
Your spell library contained the following spells:

 Spells                   Type           Power      Damage    Failure   Level
 Apportation              Tloc           0%         N/A       99%         1
 Magic Dart               Conj           0%         1d3       99%         1
 Call Imp                 Summ           0%         N/A       100%        2
 Wereblood                Tmut           0%         N/A       100%        2
 Mephitic Cloud           Conj/Pois/Air  0%         N/A       100%        3
 Olgreb's Toxic Radiance  Pois           0%         N/A       100%        4
 Alistair's Intoxication  Tmut/Pois      0%         N/A       100%        5
 Conjure Ball Lightning   Conj/Air       0%         3x3d6     100%        6
 Ozocubu's Refrigeration  Ice            0%         4d7       100%        7
 Summon Hydra             Summ           0%         N/A       100%        7
 Discord                  Hex            0%         N/A       100%        8
 Disjunction              Tloc           0%         N/A       100%        8
 Ignition                 Fire           0%         3d3       100%        8
 Sublimation of Blood     Necr           Unusable   N/A       N/A         2

Dungeon Overview and Level Annotations

Branches:
Dungeon (5/15)
 Temple: D:4-7

Altars:

Shops:
D:1 (   D:4 =


Innate Abilities, Weirdness & Mutations

You are immune to sickness and miasma.
Your stone body is resilient. (AC +5)
You are immune to poison.
You resist negative energy. (rN+)
You are resistant to electric shocks. (rElec)
You are resistant to unholy torment.
You are immune to petrification.
You expend magic power (3 MP) to strengthen your wands.


Message History

You closely miss the shadow imp.
The shadow imp is moderately wounded.
You block the shadow imp's attack.
You hit the shadow imp.
The shadow imp is severely wounded.
The shadow imp hits you but does no damage.
You block the shadow imp's attack.
You hit the shadow imp.
The shadow imp is almost dead.
The shadow imp hits you but does no damage.
You closely miss the shadow imp.
The shadow imp is almost dead.
You block the shadow imp's attack.
It was a potion of flight.
You feel very buoyant.
You fly up into the air.
The shadow imp hits you but does no damage.
It was a potion of degeneration.
There was something very wrong with that liquid.
You feel weakened.
You feel dopey.
You feel clumsy. The shadow imp gestures at you. Pain shoots through your body!
* * * LOW HITPOINT WARNING * * *
It was a potion of curing.
You feel better.
The shadow imp hits you but does no damage.
You thump the shadow imp!
Your weapon exudes an aura of protection.
You kill the shadow imp!
You hit the ogre.
The ogre is heavily wounded.
The ogre hits you but does no damage.
It was a potion of cancellation.
Your magical effects are unravelling.
You feel magically purged.
You float gracefully downwards.
The ogre barely misses you.
You thump the ogre!
The ogre is almost dead.
You hear the quick rusting of a distant drain.
The ogre hits you with a +0 giant club!
You die...

###..................#.###[..
#...............##.#...)...
#......................#...
#................[....#####
#.###......###...........# #..
###..#...:.........#.......###.#
>.(......#######.#<#.......#....
......#.# ##..#..............
........ #.@###.............
.......# ####O####.....#..#....
.......####?...........##..#....
................†..........#####
........)...###.....####...# #
......##.^...##....## ....
.(...###.###.......# . #.#
#######..# ###.....#<.. .#
#...## ###)........


You could see an ogre.

Vanquished Creatures
  Eustachio (D:5)
  A water moccasin (D:5)
  The ghost of BigDaddyOpFi the Chopper, an amateur HOMo (D:3)
  4 necrophages
  2 hounds
  A jelly (D:5)
  2 iguanas (D:5)
  2 orc wizards
  Robin (D:3)
  2 gnolls (D:5)
  7 adders
  A shadow imp (D:5)
  A white imp (D:4)
  A worm (D:3)
  3 dart slugs
  3 orcs
  6 endoplasms
  3 giant cockroaches
  14 goblins
  10 hobgoblins
  2 jackals (D:1)
  12 kobolds
  4 quokkas
  3 ball pythons
  4 bats
  3 frilled lizards (D:1)
  3 rats
97 creatures vanquished.

Notes
Turn   | Place    | Note
-------+----------+-------------------------------------------
     0 | D:1      | bpung the Gargoyle Fighter began the quest for the Orb.
     0 | D:1      | Reached XP level 1. HP: 14/14 MP: 1/1
   145 | D:1      | Found Ushuheof's Weapon Boutique.
   161 | D:1      | Reached XP level 2. HP: 18/19 MP: 2/2
   338 | D:1      | Found a faded altar of an unknown god.
   457 | D:1      | Reached XP level 3. HP: 23/23 MP: 3/3
   727 | D:2      | Gained mutation: You have a pair of small horns on your
                  | head. [potion of mutation]
   727 | D:2      | Gained mutation: You are frail. (-10% HP) [potion of
                  | mutation]
   727 | D:2      | Gained mutation: You are partially covered in iridescent
                  | scales. (AC +2) [potion of mutation]
   727 | D:2      | Gained mutation: You have sharp toenails. [potion of
                  | mutation]
   728 | D:2      | Lost mutation: You are partially covered in iridescent
                  | scales. (AC +2) [potion of mutation]
   728 | D:2      | Lost mutation: You are frail. (-10% HP) [potion of
                  | mutation]
   728 | D:2      | Lost mutation: You have sharp toenails. [potion of
                  | mutation]
   728 | D:2      | Gained mutation: You are vulnerable to cold. (rC-) [potion
                  | of mutation]
   728 | D:2      | Gained mutation: You have sharp toenails. [potion of
                  | mutation]
  1270 | D:2      | Reached XP level 4. HP: 24/29 MP: 4/4
  1572 | D:3      | Noticed Robin
  1594 | D:3      | Killed Robin
  1723 | D:3      | Reached XP level 5. HP: 33/33 MP: 5/5
  1845 | D:3      | Found a runed translucent door.
  1846 | D:3      | Noticed BigDaddyOpFi's ghost (amateur HOMo)
  1856 | D:3      | Killed BigDaddyOpFi's ghost
  2180 | D:4      | Lost mutation: You have sharp toenails. [potion of
                  | mutation]
  2180 | D:4      | Lost mutation: You have a pair of small horns on your head.
                  | [potion of mutation]
  2180 | D:4      | Lost mutation: You are vulnerable to cold. (rC-) [potion of
                  | mutation]
  2180 | D:4      | Gained mutation: You expend magic power (3 MP) to
                  | strengthen your wands. [potion of mutation]
  2202 | D:4      | Reached XP level 6. HP: 35/39 MP: 6/6
  2577 | D:4      | Found Gocipoom's Jewellery Emporium.
  2900 | D:5      | Entered Level 5 of the Dungeon
  2939 | D:5      | Reached skill level 5 in Fighting
  2939 | D:5      | Reached skill level 5 in Armour
  2939 | D:5      | Reached skill level 5 in Shields
  2966 | D:5      | Reached XP level 7. HP: 32/44 MP: 7/7
  3211 | D:5      | Noticed Eustachio
  3244 | D:5      | Killed Eustachio
  3245 | D:5      | Reached XP level 8. HP: 41/51 MP: 8/8
  3326 | D:5      | Slain by an ogre

Illustrated notes

Levels and vault maps discovered:
D:1:      minmay_arrival_widening_spiral_wide, layout_loops_ring, serial_shops,
          shop, hellmonk_ecumenical_altar_pennies_from_heaven, grunt_decor_cap
D:2:      minmay_general_purpose_star, layout_loops_cross,
          grunt_decor_one_mirror
D:3:      layout_rooms, ebering_ghost_reflecting_pool, minmay_misc_feat_rows,
          uniq_robin
D:4:      layout_cave_pods, serial_shops, nicolae_shop_crystal,
          minmay_misc_feat_four_crosses
D:5:      layout_rooms, portal_sewer_entry_d, serial_shops,
          nicolae_shop_hallway_plus, minmay_circle_x, uniq_eustachio

Skill      XL: |  1  2  3  4  5  6  7  8 |
---------------+-------------------------+-----
Fighting       | 4 5 6 |  6.0
Armour         | 4 5 |  5.9
Shields        | 4 5 6 |  6.0
Maces & Flails | 3 4 |  4.9

Action                     |  1- 3 |  4- 6 |  7- 9 || total
---------------------------+-------+-------+-------++-------
  Melee: Flail             |    25 |       |       ||    25
         Mace              |    68 |   140 |   113 ||   321
         Kick              |     3 |    14 |       ||    17
         Headbutt          |     3 |     7 |       ||    10
    Use: Scroll            |     5 |     4 |       ||     9
         Potion            |     4 |     3 |     4 ||    11
 Armour: Scale mail        |    22 |       |       ||    22
         Chain mail        |    48 |   121 |   113 ||   282
  Dodge: Dodged            |    42 |    53 |    51 ||   146
  Block: Buckler           |    33 |    42 |    30 ||   105

Table legend: (Time is in decaauts)
 A = Elapsed time spent in this place.
 B = Non-inter-level travel time spent in this place.
 C = Inter-level travel time spent in this place.
 D = Time resting spent in this place.
 E = Time spent auto-exploring this place.
 F = Levels seen in this place.
 G = Mean time per level.
                   A        B        C        D        E       F      G
               +--------+--------+--------+--------+--------+-----+--------+
         Total |   3421 |   3299 |    122 |     34 |   2141 |   5 |  684.2 |
       Dungeon |   3421 |   3299 |    122 |     34 |   2141 |   5 |  684.2 |
               +--------+--------+--------+--------+--------+-----+--------+

Top non-repeatable levels by time:
     D:4: 886 daAuts
     D:2: 764 daAuts
     D:1: 733 daAuts
     D:3: 581 daAuts
     D:5: 455 daAuts
